 Dungeon Crawl Stone Soup version 0.31-a0-1612-g4aaf141004 (webtiles) character file.

Game seed: 11684156742747929534

303 LeprechaunX the Changeling (level 6, -6/41 HPs)
             Began as an Octopode Shapeshifter on Jan 9, 2024.
             Was an Initiate of Ashenzari.
             Mangled by a gnoll sergeant
             ... wielding a +1 trident of protection
              (7 damage)
             ... on level 4 of the Dungeon.
             The game lasted 00:05:19 (3283 turns).

LeprechaunX the Changeling (Octopode Shapeshifter)  Turns: 3283, Time: 00:05:20

Health: -6/41      AC:  1    Str: 14    XL:     6   Next: 38%
Magic:  0/7        EV: 13    Int: 18    God:    Ashenzari [......]
Gold:   167        SH:  0    Dex: 13    Spells: 7/7 levels left

rFire   . .          .
                       - Unarmed
rCold   . . .        (no shield)
rNeg    . . .        (helmet currently unavailable)
rPois   .            u - amulet of guardian spirit
rElec   .            n - +6 ring of intelligence
rCorr   .            (no ring)
SInv    .            (no ring)
Will    .....        (no ring)
Stlth   ++           (no ring)
HPRegen 0.26/turn    (no ring)
MPRegen 0.10/turn    (no ring)
                     (no ring)

%: guardian spirit
@: mighty, beast-form
A: beast (slay +2), almost no armour, amphibious, 8 rings, camouflage 1,
gelatinous body 1, (nimble swimmer 1), tentacles
a: Begin Untransformation, Renounce Religion


You were on level 4 of the Dungeon.
You worshipped Ashenzari.
Ashenzari was noncommittal.
You were a hulking beast.
You visited 2 branches of the dungeon, and saw 5 of its levels.

You collected 167 gold pieces.

Inventory:

Missiles
 r - 6 boomerangs
Jewellery
 n - a +6 ring of intelligence (left tentacle)
 u - an amulet of guardian spirit (around mantle)
Talismans
 b - a beast talisman
 c - a flux talisman
 x - a serpent talisman
Scrolls
 d - 4 scrolls of identify {unknown}
 h - 3 scrolls of enchant weapon {unknown}
 i - a scroll of enchant armour {unknown}
 l - a scroll of noise {unknown}
 m - a scroll of fog {unknown}
 o - a scroll of amnesia {unknown}
 v - a scroll of vulnerability {unknown}
 w - 2 scrolls of blinking {unknown}
Potions
 a - a potion of lignification
 e - a potion of heal wounds {unknown}
 f - 2 potions of curing
 g - 2 potions of might
 j - a potion of berserk rage {unknown}
 k - a potion of cancellation {unknown}
 p - a potion of ambrosia {unknown}
 q - a potion of mutation {unknown}
 t - 2 potions of enlightenment {unknown}
 z - a potion of degeneration {unknown}
 A - a potion of brilliance {unknown}


   Skills:
 + Level 2.8 Fighting
 + Level 1.6 Throwing
 - Level 2.0 Dodging
 + Level 4.1 Unarmed Combat
 + Level 1.1 Spellcasting
 * Level 4.7 Shapeshifting


You had 7 spell levels left.
You didn't know any spells.
Your spell library was empty.

Dungeon Overview and Level Annotations

Branches:
Dungeon (4/15)             Temple (1/1) D:4

Altars:
Ashenzari
Cheibriados
Dithmenos
Elyvilon
Fedhas
Gozag
Hepliaklqana
Kikubaaqudgha
Makhleb
Nemelex Xobeh
Okawaru
Qazlal
Ru
Sif Muna
Trog
Uskayaw
Vehumet
Xom
Yredelemnul
Zin
The Shining One


Innate Abilities, Weirdness & Mutations

You are a hulking beast.
Your limbs bulge with bestial killing power. (Slay +2)
You cannot wear most types of armour.
You are amphibious.
You can wear up to eight rings at the same time.
Your skin changes colour to match your surroundings (Stealth+).
Your rubbery body absorbs attacks. (AC +1, EV +1)
((You are camouflaged when in or above water. (Stealth+)))
You have tentacles for arms and can constrict up to eight enemies at once.


Message History

The gnoll sergeant attacks as it pursues you!
The gnoll sergeant hits you from afar with a +1 trident of protection!
Items here: )) [ †.
Throw: 3 darts (atropa)
Press: ? - help, Q - select action, (/) - cycle Shift-Dir - straight line, f - gnoll sergeant
Aim: a gnoll sergeant, wielding a +1 trident of protection, wearing a +0 ring mail and wearing a +0 buckler (65% to hit, chance to blind on hit: 51%)
You throw an atropa-tipped dart.
The atropa-tipped dart closely misses the gnoll sergeant.
The atropa-tipped dart hits the gnoll.
The gnoll appears confused.
The gnoll seems less confused.
The gnoll sergeant completely misses you.
Throw: 2 darts (atropa)
Press: ? - help, Q - select action, (/) - cycle Shift-Dir - straight line, f/p - gnoll sergeant
Aim: a gnoll sergeant, wielding a +1 trident of protection, wearing a +0 ring mail and wearing a +0 buckler (65% to hit, chance to blind on hit: 61%)
You throw an atropa-tipped dart.
The atropa-tipped dart barely misses the gnoll sergeant.
The atropa-tipped dart hits the gnoll.
The gnoll appears confused.
The gnoll barely misses the gnoll.
The gnoll sergeant hits you from afar with a +1 trident of protection!
* * * LOW HITPOINT WARNING * * *
The gnoll seems less confused.
Throw: dart (atropa)
Press: ? - help, Q - select action, (/) - cycle Shift-Dir - straight line, f/p - gnoll sergeant
Aim: a gnoll sergeant, wielding a +1 trident of protection, wearing a +0 ring mail and wearing a +0 buckler (67% to hit, chance to blind on hit: 51%)
You throw an atropa-tipped dart.
The atropa-tipped dart barely misses the gnoll sergeant.
The atropa-tipped dart hits the gnoll.
The gnoll appears confused.
The gnoll sergeant misses you.
The gnoll seems less confused.
The gnoll sergeant attacks as it pursues you!
The gnoll sergeant hits you from afar with a +1 trident of protection!
* * * LOW HITPOINT WARNING * * *
Unknown command.
It was a potion of curing.
You feel better.
The gnoll sergeant hits you from afar with a +1 trident of protection.
* * * LOW HITPOINT WARNING * * *
It was a potion of might.
You feel very mighty all of a sudden.
The gnoll sergeant hits you from afar with a +1 trident of protection!
You die...

##.##..##)##..##.# #..........#
......##.).##....# #..........#
#........>.......# #..........#
#.....##.).##....###..........#
#..##..##.##..##.#))..........#
.... #..#.#..##....#..........#
..... #.....##....##.##########
...... .....#.....##.# .......
......##h###.# ####.## #.# #.#
#.. #g###.# .. ##g##..#
###.....## #....#### #g##.#
##.##.# . ###g.##.#


You could see a gnoll sergeant and a gnoll.

Vanquished Creatures
  Sigmund (D:4)
  A gnoll (D:4)
  6 adders
  3 dart slugs
  2 ribbon worms (D:3)
  9 orcs
  7 endoplasms
  3 giant cockroaches
  8 goblins
  6 hobgoblins
  6 kobolds
  2 quokkas
  5 ball pythons
  A bat (D:3)
  4 frilled lizards
  6 rats
70 creatures vanquished.

Notes
Turn   | Place    | Note
-------+----------+-------------------------------------------
     0 | D:1      | LeprechaunX the Octopode Shapeshifter began the quest for
                  | the Orb.
     0 | D:1      | Reached XP level 1. HP: 13/13 MP: 1/1
   124 | D:1      | Reached XP level 2. HP: 7/18 MP: 2/2
   808 | D:2      | Reached XP level 3. HP: 21/23 MP: 3/3
  1117 | D:2      | Found a faded altar of an unknown god.
  1200 | D:2      | Reached XP level 4. HP: 26/29 MP: 4/4
  2892 | D:4      | Found a staircase to the Ecumenical Temple.
  2907 | Temple   | Entered the Ecumenical Temple
  2929 | Temple   | Became a worshipper of Ashenzari the Shackled
  2979 | D:4      | Reached XP level 5. HP: 31/34 MP: 5/5
  3112 | D:4      | Noticed Sigmund
  3126 | D:4      | Killed Sigmund
  3127 | D:4      | Reached skill level 1 in Throwing
  3127 | D:4      | Reached skill level 1 in Spellcasting
  3127 | D:4      | Reached XP level 6. HP: 31/41 MP: 2/7
  3280 | D:4      | HP: 1/41 [gnoll sergeant/+1 trident of protection (6)]
  3283 | D:4      | Mangled by a gnoll sergeant

Illustrated notes

Levels and vault maps discovered:
D:1:      matt_arrival_spirals, layout_basic
D:2:      layout_loops_cross, dreamdust_ecumenical_altar_angels_and_demons,
          kennysheep_another_room
D:3:      layout_basic
D:4:      layout_rooms, minmay_temple_entry_waves, grunt_ministairs_5,
          nicolae_grassy_gnolls, uniq_sigmund
Temple:   mainiacjoe_temple_archimedes_tessellation

Skill      XL: |  1  2  3  4  5 |
---------------+----------------+-----
Fighting       | 2 |  2.8
Shapeshifting  | 4 |  4.7
Throwing       | 1 |  1.6
Unarmed Combat | 4 |  4.1
Spellcasting   | 1 |  1.1
Dodging        | |  2.0

Action                     |  1- 3 |  4- 6 || total
---------------------------+-------+-------++-------
  Melee: Unarmed           |    55 |    85 ||   140
         Tentacles         |    10 |    13 ||    23
         Constrict         |    14 |    20 ||    34
         Punch             |       |     1 ||     1
  Throw: Boomerang         |       |     8 ||     8
         Dart              |       |     4 ||     4
    Use: Potion            |       |     3 ||     3
   Stab: Sleeping          |     7 |     3 ||    10
         Invisible         |       |     1 ||     1
 Armour: Skin              |    19 |    59 ||    78
  Dodge: Dodged            |    16 |    39 ||    55

Table legend: (Time is in decaauts)
 A = Elapsed time spent in this place.
 B = Non-inter-level travel time spent in this place.
 C = Inter-level travel time spent in this place.
 D = Time resting spent in this place.
 E = Time spent auto-exploring this place.
 F = Levels seen in this place.
 G = Mean time per level.
                   A        B        C        D        E       F      G
               +--------+--------+--------+--------+--------+-----+--------+
         Total |   3274 |   3116 |    158 |     44 |   2619 |   5 |  654.8 |
       Dungeon |   3212 |   3114 |     98 |     44 |   2619 |   4 |  803.0 |
        Temple |     61 |      1 |     60 |      0 |      0 |   1 |   61.0 |
               +--------+--------+--------+--------+--------+-----+--------+

Top non-repeatable levels by time:
     D:3: 1053 daAuts
     D:2: 889 daAuts
     D:1: 801 daAuts
     D:4: 468 daAuts
  Temple: 61 daAuts
